 Dungeon Crawl Stone Soup version 0.24-b1 (webtiles) character file.

Game seed: 1812448372536843076, levelgen mode: deterministic

6844 LabCoat the Severer (level 11, -8/92 HPs)
             Began as a Hill Orc Fighter on Oct 12, 2019.
             Was a Priest of Trog.
             Killed from afar by Erica (28 damage)
             ... with an orb of energy
             ... on level 10 of the Dungeon on Oct 13, 2019.
             The game lasted 00:42:31 (8704 turns).

LabCoat the Severer (Hill Orc Fighter)              Turns: 8704, Time: 00:42:31

Health: -8/92      AC: 21    Str: 23    XL:     11   Next: 6%
Magic:  11/11      EV:  8    Int:  8    God:    Trog [***...]
Gold:   551        SH: 13    Dex: 10    Spells: 10/10 levels left

rFire    x . .     SeeInvis .   a - +0 war axe
rCold    + . .     Gourm    .   c - +0 shield
rNeg     . . .     Faith    .   L - +3 plate armour {ponderous}
rPois    .         Spirit   .   A - +1 helmet
rElec    .         Reflect  +   J - +0 cloak
rCorr    .         Harm     .   G - +0 pair of gloves
MR       .....                  (no boots)
Stlth    ..........             j - +2 amulet of reflection
HPRegen  0.25/turn              k - ring of ice
MPRegen  0.12/turn              i - +3 ring of evasion

@: lethally poisoned (-8 -> -9), berserk cooldown, slowed, very slow
A: no striking features
a: Berserk, Trog's Hand, Renounce Religion


You were on level 10 of the Dungeon.
You worshipped Trog.
Trog was most pleased with you.
You were not hungry.

You visited 2 branches of the dungeon, and saw 11 of its levels.

You collected 551 gold pieces.

Inventory:

Hand Weapons
 a - a +0 war axe (weapon)
 B - a +2 flail of venom
 N - a +0 morningstar
Missiles
 g - 6 javelins
 u - 27 poisoned darts (quivered)
 C - 20 boomerangs
Armour
 c - a +0 shield (worn)
 A - a +1 helmet (worn)
 G - a +0 pair of gloves (worn)
 J - a +0 cloak (worn)
 L - a +3 plate armour of ponderousness (worn)
Jewellery
 i - a +3 ring of evasion (right hand)
 j - a +2 amulet of reflection (around neck)
 k - a ring of ice (left hand)
 D - a +4 ring of intelligence
 E - an uncursed ring of wizardry
 P - an uncursed ring of see invisible {unknown}
Wands
 q - a wand of random effects (16)
 I - a wand of acid (22)
Scrolls
 b - a scroll of enchant weapon {unknown}
 m - 3 scrolls of teleportation
 n - 2 scrolls of magic mapping {unknown}
 t - 2 scrolls of blinking {unknown}
 v - 3 scrolls of fog
 w - a scroll of fear
 y - a scroll of torment {unknown}
 F - a scroll of immolation {unknown}
 H - a scroll of enchant armour {unknown}
 M - 2 scrolls of vulnerability {unknown}
 R - a scroll of identify
Potions
 d - 5 potions of might
 l - 3 potions of mutation
 o - 5 potions of flight
 p - 2 potions of haste
 r - 2 potions of agility
 s - 2 potions of invisibility
 x - 3 potions of curing {unknown}
 z - 3 potions of brilliance
 K - 3 potions of cancellation {unknown}
 Q - a potion of lignification {unknown}
Comestibles
 f - 17 rations
 O - 6 chunks of flesh


   Skills:
 + Level 7.4 Fighting
 * Level 15.3 Axes
 + Level 2.6 Throwing
 + Level 7.2 Armour
 + Level 8.3 Shields


You had 10 spell levels left.
You didn't know any spells.
Your spell library contained the following spells:

 Spells                   Type           Power        Failure   Level  Hunger
 Animate Skeleton         Necr           N/A          100%        1    ##.....
 Magic Dart               Conj           #...         100%        1    ##.....
 Pain                     Necr           #...         100%        1    ##.....
 Blink                    Tloc           N/A          100%        2    ###....
 Call Imp                 Summ           #.......     100%        2    ###....
 Slow                     Hex            #.......     100%        2    ###....
 Conjure Flame            Conj/Fire      #.......     100%        3    ####...
 Mephitic Cloud           Conj/Pois/Air  #.......     100%        3    ####...
 Regeneration             Chrm/Necr      #.........   100%        3    ####...
 Vampiric Draining        Necr           #.........   100%        3    ####...
 Animate Dead             Necr           N/A          100%        4    #####..


Dungeon Overview and Level Annotations

Branches:
Dungeon (10/15)            Temple (1/1) D:5
   Lair: D:8-11         Orc: D:9-12

Altars:
Ashenzari
Cheibriados
Dithmenos
Elyvilon
Fedhas
Gozag
Hepliaklqana
Kikubaaqudgha
Makhleb
Nemelex Xobeh
Okawaru
Qazlal
Ru
Sif Muna
Trog
Uskayaw
Vehumet
Wu Jian
Xom
Yredelemnul
Zin
The Shining One

Annotations:
D:10 Erica


Message History

You're too confused to move!
You feel a strong urge to attack something.
You are no longer berserk.
You are exhausted.
You feel as though you will be slow longer.
You hear some strange, mumbled words.
You feel as though you will be slow longer.
You feel sick.
You hear some strange, mumbled words.
Something tries to affect you, but you resist.
A wraith comes into view.
You feel sick.
You hit something but do no damage.
You feel less confused. Something hits you but does no damage.
You closely miss something.
You hear some strange, mumbled words.
An orb of energy appears from out of thin air!
The orb of energy hits you!!
You die...

###.......#.......(.#.#
##...)...##.........#.##..
#........##............?..
##.........................
...........................
..............(............
...........................
#.........................>
..<.............@...W......
...........(......<).......
#.####............([.......
.. ...........#......... ..
........###..(...... #.
....#.. ...##..... ##
...#.. ...(. ..... ..
............#.. .#
?........####


You could see a wraith.

Vanquished Creatures
  A two-headed ogre (D:10)
  An unseen horror (D:10)
  A queen bee (D:8)
  A wyvern (D:10)
  A hungry ghost (D:8)
  An orc warrior (D:7)
  An ice beast (D:8)
  2 black bears
  A phantom (D:7)
  3 sky beasts
  5 ogres
  2 centaurs
  11 bullfrogs
  2 big kobolds
  14 killer bees (D:8)
  12 wights
  A howler monkey (D:8)
  A bullfrog zombie (D:8)
  4 crimson imps
  A quasit (D:7)
  5 hounds
  2 jellies
  Crazy Yiuf (D:4)
  3 centaur skeletons
  An orc priest (D:7)
  9 orc wizards
  5 iguanas
  7 worker ants
  A killer bee zombie (D:5)
  A hound skeleton (D:8)
  A howler monkey zombie (D:10)
  4 worker ant zombies
  8 gnolls
  12 adders
  A shadow imp (D:6)
  An ooze (D:2)
  3 adder skeletons
  2 worms
  2 dart slugs
  5 leopard geckos
  29 orcs
  10 giant cockroaches
  14 hobgoblins
  13 jackals
  23 kobolds
  3 quokkas
  2 ball pythons
  8 bats
  8 frilled lizards
  9 goblins
  2 jackal skeletons (D:5)
  5 rats
266 creatures vanquished.

Vanquished Creatures (others)
  A centaur (D:9)
1 creature vanquished.

Grand Total: 267 creatures vanquished

Notes
Turn   | Place    | Note
-------+----------+-------------------------------------------
     0 | D:1      | LabCoat the Hill Orc Fighter began the quest for the Orb.
     0 | D:1      | Reached XP level 1. HP: 19/19 MP: 1/1
   227 | D:1      | Reached XP level 2. HP: 25/27 MP: 2/2
   274 | D:1      | Reached skill level 3 in Axes
   724 | D:1      | Reached XP level 3. HP: 33/33 MP: 3/3
  1224 | D:2      | Reached skill level 4 in Axes
  1224 | D:2      | Reached XP level 4. HP: 34/40 MP: 4/4
  1576 | D:2      | Found a shadowy altar of Dithmenos.
  1792 | D:3      | Reached XP level 5. HP: 46/46 MP: 5/5
  1811 | D:3      | Found a burning altar of Makhleb.
  1825 | D:3      | Reached skill level 5 in Axes
  2306 | D:3      | You fall into a shaft and drop 3 floors!
  2355 | D:6      | Reached skill level 6 in Axes
  2355 | D:6      | Reached XP level 6. HP: 48/52 MP: 6/6
  2525 | D:6      | Reached skill level 7 in Axes
  2704 | D:6      | Reached XP level 7. HP: 53/60 MP: 7/7
  2775 | D:6      | Found a stormy altar of Qazlal.
  2875 | D:6      | Reached skill level 1 in Throwing
  3068 | D:5      | Entered Level 5 of the Dungeon
  3088 | D:5      | Reached skill level 8 in Axes
  3472 | D:5      | Found a staircase to the Ecumenical Temple.
  3482 | Temple   | Entered the Ecumenical Temple
  3601 | D:5      | Reached skill level 9 in Axes
  3601 | D:5      | Reached XP level 8. HP: 67/67 MP: 8/8
  3861 | D:5      | Reached skill level 5 in Fighting
  4160 | D:4      | Reached skill level 5 in Armour
  4319 | D:4      | Found an iron altar of Okawaru.
  4320 | D:4      | Reached skill level 10 in Axes
  4325 | D:4      | Reached skill level 5 in Shields
  4486 | D:4      | Found a runed translucent door.
  4487 | D:4      | Noticed Crazy Yiuf
  4838 | D:4      | Found a basalt altar of Yredelemnul.
  4960 | D:4      | Found a bloodstained altar of Trog.
  4965 | D:4      | Became a worshipper of Trog the Wrathful
  5057 | D:4      | Killed Crazy Yiuf
  5479 | D:7      | Found a blossoming altar of Fedhas.
  5487 | D:7      | Found a sparkling altar of Nemelex Xobeh.
  5566 | D:7      | Reached skill level 11 in Axes
  5852 | D:7      | Reached XP level 9. HP: 74/74 MP: 9/9
  5927 | D:7      | Reached * piety under Trog
  6012 | D:7      | Found an ancient bone altar of Kikubaaqudgha.
  6028 | D:7      | Found a hazy altar of Hepliaklqana.
  6183 | D:7      | Found a shattered altar of Ashenzari.
  6330 | D:7      | Reached skill level 12 in Axes
  6469 | D:8      | Noticed a queen bee
  6486 | D:8      | Killed a queen bee
  6486 | D:8      | Reached skill level 13 in Axes
  6790 | D:8      | Reached ** piety under Trog
  6801 | D:8      | Reached XP level 10. HP: 75/83 MP: 10/10
  6963 | D:8      | Reached skill level 14 in Axes
  7583 | D:9      | Noticed an angel
  7584 | D:9      | Found a glowing silver altar of Zin.
  7584 | D:9      | Found a shimmering altar of Xom.
  7664 | D:9      | Reached *** piety under Trog
  8071 | D:10     | Entered Level 10 of the Dungeon
  8104 | D:10     | Received a gift from Trog
  8408 | D:10     | Killed an unseen horror
  8408 | D:10     | Reached skill level 15 in Axes
  8637 | D:10     | Noticed a two-headed ogre
  8645 | D:10     | Killed a two-headed ogre
  8650 | D:10     | Reached XP level 11. HP: 92/92 MP: 11/11
  8672 | D:10     | Noticed Erica
  8704 | D:10     | Killed from afar by Erica

Skill      XL: |  1  2  3  4  5  6  7  8  9 10 |
---------------+-------------------------------+-----
Axes           | 3 4 6 7 9 11 13 15 | 15.3
Fighting       | 4 5 6 7 |  7.4
Armour         | 4 5 7 |  7.2
Shields        | 4 5 6 8 |  8.3
Throwing       | 1 2 |  2.6

Action                   |  1- 3 |  4- 6 |  7- 9 | 10-12 || total
-------------------------+-------+-------+-------+-------++-------
Melee: War axe           |    90 |   195 |   396 |   233 ||   914
Throw: Dart              |     5 |    21 |    18 |    32 ||    76
Invok: Berserk           |       |       |     1 |     4 ||     5
  Use: Scroll            |       |     9 |     9 |       ||    18
       Potion            |       |       |     3 |     5 ||     8
  Eat: Ration            |     1 |       |     2 |     1 ||     4
       Chunk             |       |     3 |    10 |     7 ||    20
Armor: Scale mail        |    36 |     2 |       |       ||    38
       Chain mail        |       |   102 |   156 |       ||   258
       Plate armour      |       |       |    72 |   171 ||   243
Dodge: Dodged            |    37 |    42 |   133 |    50 ||   262
Block: Shield            |    45 |   121 |   267 |   156 ||   589
       Reflection        |       |       |     7 |     5 ||    12
